 Dungeon Crawl Stone Soup version 0.30-a0-639-g3916f1956a (webtiles) character file.

Game seed: 9204462085456155018

4363 timneilson the Slasher (level 10, -1/74 HPs)
             Began as a Demonspawn Gladiator on Jan 15, 2023.
             Was a Believer of Qazlal.
             Killed by divine providence
             ... invoked by an orc priest
              (15 damage)
             ... on level 9 of the Dungeon.
             The game lasted 00:13:27 (6060 turns).

timneilson the Slasher (Demonspawn Gladiator)       Turns: 6060, Time: 00:13:28

Health: -1/74      AC: 17    Str: 18    XL:     10   Next: 12%
Magic:  13/13      EV: 14    Int: 17    God:    Qazlal [**....]
Gold:   473        SH:  9    Dex: 19    Spells: 9/9 levels left

rFire   . . .      SeeInvis .    a - +0 long sword (heavy)
rCold   . . .      Faith    .    r - +0 buckler
rNeg    + . .      Spirit   .    J - +0 chain mail
rPois   +          Reflect  .    (helmet restricted)
rElec   .          Harm     .    b - +1 cloak "Debeck Lucag" {-Tele rPois Int+7 Slay+3}
rCorr   .          Rampage  .    j - +2 pair of gloves
Will    .....      NoTele   +    y - +0 pair of boots Stlth
                                 (no amulet)
HPRegen 0.32/turn                s - +5 ring of evasion
MPRegen 0.13/turn                B - ring "Extyeryo" {rN+ Dex+4}

@: no status effects
A: antennae 1, demonic guardian 1, demonic magic 2, weakness stinger 2, demonic
touch 2
a: Renounce Religion, Upheaval


You were on level 9 of the Dungeon.
You worshipped Qazlal.
Qazlal was pleased with you.
You visited 2 branches of the dungeon, and saw 10 of its levels.

You collected 473 gold pieces.

Inventory:

Hand Weapons
 a - a +0 heavy long sword (weapon)
 D - a +0 scimitar of freezing
Missiles
 d - 3 throwing nets (quivered)
 e - a javelin
Armour
 b - the +1 cloak "Debeck Lucag" (worn) {-Tele rPois Int+7 Slay+3}
   (You acquired it on level 4 of the Dungeon)

   Int:       It affects your intelligence (+7).
   Slay:      It affects your accuracy & damage with ranged weapons and melee
   (+3).
   rPois:     It protects you from poison.
   -Tele:     It prevents most forms of teleportation.
 j - a +2 pair of gloves (worn)
 r - a +0 buckler (worn)
 x - a +1 tower shield of protection
 y - a +0 pair of boots (worn)
 E - a +0 plate armour
 J - a +0 chain mail (worn)
Jewellery
 s - a +5 ring of evasion (left hand)
 B - the ring "Extyeryo" (right hand) {rN+ Dex+4}
   (You acquired it on level 5 of the Dungeon)

   [ring of positive energy]

   Dex:       It affects your dexterity (+4).
   rN:        It protects you from negative energy.
 H - a ring of flight
Wands
 n - a wand of light (9)
 t - a wand of polymorph (5)
 F - a wand of flame (21)
Scrolls
 h - 2 scrolls of teleportation
 p - a scroll of vulnerability
 w - 5 scrolls of magic mapping
 G - 2 scrolls of blinking
 I - a scroll of identify
Potions
 f - 3 potions of might
 g - 4 potions of haste
 i - 2 potions of ambrosia
 k - 4 potions of curing
 l - 2 potions of magic
 m - 2 potions of berserk rage
 o - 3 potions of lignification
 q - a potion of flight {unknown}
 u - a potion of attraction {unknown}
 v - a potion of heal wounds
 z - a potion of brilliance {unknown}
 A - a potion of invisibility {unknown}


   Skills:
 + Level 5.3 Fighting
 * Level 7.1 Long Blades
 - Level 1.7 Throwing
 * Level 6.3 Armour
 + Level 5.3 Dodging
 * Level 5.8 Shields
 + Level 4.3 Invocations
 + Level 3.2 Evocations


You had 9 spell levels left.
You didn't know any spells.
Your spell library contained the following spells:

 Spells                   Type           Power      Damage    Failure   Level
 Lesser Beckoning         Tloc           0%         N/A       99%         2
 Call Canine Familiar     Summ           0%         N/A       100%        3
 Gell's Gravitas          Tloc           0%         N/A       100%        3
 Portal Projectile        Hex/Tloc       0%         N/A       100%        3
 Teleport Other           Tloc           0%         N/A       100%        3
 Leda's Liquefaction      Hex/Erth       0%         N/A       100%        4


Dungeon Overview and Level Annotations

Branches:
Dungeon (9/15)             Temple (1/1) D:5
   Lair: D:8-11         Orc: D:9-12

Altars:
Ashenzari
Cheibriados
Dithmenos
Fedhas
Gozag
Hepliaklqana
Kikubaaqudgha
Makhleb
Nemelex Xobeh
Okawaru
Qazlal
Ru
Sif Muna
Trog
Uskayaw
Vehumet
Wu Jian

Shops:
D:4 *

Annotations:
D:7 2 transporters, bande's ghost, novice GrFi


Innate Abilities, Weirdness & Mutations

You have a pair of small antennae on your head.
A weak demonic guardian rushes to your aid.
Spells you cast may paralyse nearby enemies.
You have a tail ending in a sharp stinger.
Your touch may inflict irresistible damage on your foes.


Message History

The killer bee attacks as you move away!
The killer bee stings you but does no damage.
The killer bee barely misses you.
The killer bee attacks as you move away!
The killer bee misses you. The killer bee closely misses you.
You block the killer bee's attack.
The killer bee attacks as you move away!
The killer bee barely misses you. You block the killer bee's attack.
You block the killer bee's attack.
The killer bee attacks as you move away!
The killer bee stings you but does no damage.
You block the killer bee's attack.
The killer bee attacks as you move away!
The killer bee stings you but does no damage.
The killer bee stings you.
* * * LOW HITPOINT WARNING * * *
A demonic guardian appears!
The killer bee attacks as you move away!
The killer bee stings you but does no damage.
The killer bee barely misses you. You block the killer bee's attack.
The phantom closely misses your shadow imp.
The killer bee attacks as you move away!
The killer bee closely misses you. You block the killer bee's attack.
Your shadow imp gestures at the killer bee.
The killer bee writhes in agony.
You closely miss the killer bee.
Your tail-slap misses the killer bee.
The killer bee is almost dead.
The killer bee barely misses you. You block the killer bee's attack.
The phantom barely misses your shadow imp.
You block the killer bee's attack.
You closely miss the killer bee.
The killer bee is almost dead.
You block the killer bee's attack. The killer bee barely misses you.
Your shadow imp closely misses the killer bee.
The killer bee stings you but does no damage.
The phantom hits your shadow imp.
The orc priest invokes the aid of Beogh against you.
Beogh smites you!
You die...

..###
######..#.#
#.#
###.......#.#
.#
#...........#
.
#.#.####o.###
#....###..#
#.......W.#
##...###5##
##.## #y# #.#
#@# ##.####.#
#.......#
###..######
#.#..#
#.###.#..#
.........#
#####.#.##
##..#


You could see a phantom, a killer bee (ally target), an orc priest and a
friendly shadow imp (summoned).

Vanquished Creatures
  Joseph (D:7)
  A troll (D:6)
  A wyvern (D:7)
  A wraith (D:6)
  A steam dragon (D:8)
  Menkaure (D:5)
  4 orc warriors
  A sky beast (D:7)
  An ice beast (D:5)
  3 ogres
  4 centaurs
  A phantom (D:5)
  A kobold brigand (D:7)
  A bullfrog (D:8)
  A scorpion (D:6)
  5 wights (D:6)
  A troll zombie (D:9)
  6 howler monkeys
  A jelly (D:6)
  5 orc priests
  7 hounds
  8 iguanas
  Natasha (thrice) (D:4)
  10 orc wizards
  A mummy (D:7)
  12 adders
  A shadow imp (D:6)
  A white imp (D:6)
  An ufetubus (D:6)
  3 worms
  A dart slug (D:4)
  21 orcs
  4 ball pythons
  3 bats
  5 endoplasms
  6 giant cockroaches
  8 goblins
  6 hobgoblins
  3 jackals (D:3)
  4 quokkas
  2 frilled lizards
  A goblin skeleton (D:9)
  A hobgoblin skeleton (D:9)
  13 kobolds
  An orc skeleton (D:9)
  An orc zombie (D:9)
  5 rats
173 creatures vanquished.

Vanquished Creatures (collateral kills)
  A shadow (D:9)
  An orc zombie (D:9)
2 creatures vanquished.

Vanquished Creatures (others)
  A black bear (D:5)
1 creature vanquished.

Grand Total: 176 creatures vanquished

Notes
Turn   | Place    | Note
-------+----------+-------------------------------------------
     0 | D:1      | timneilson the Demonspawn Gladiator began the quest for the
                  | Orb.
     0 | D:1      | Reached XP level 1. HP: 16/16 MP: 1/1
   126 | D:1      | Discovered your monstrous ancestry.
   126 | D:1      | Gained mutation: You have a small tail. [demonic ancestry]
   126 | D:1      | Reached XP level 2. HP: 22/22 MP: 2/2
   195 | D:1      | Reached skill level 1 in Armour
   242 | D:1      | Reached skill level 3 in Long Blades
   543 | D:2      | Noticed a floating eye
   545 | D:2      | Found a faded altar of an unknown god.
   548 | D:2      | Noticed a great orb of eyes
   548 | D:2      | Noticed a floating eye
   548 | D:2      | Noticed an eye of devastation
   635 | D:2      | Gained mutation: Your touch may inflict minor irresistible
                  | damage on your foes. [demonic ancestry]
   635 | D:2      | Reached XP level 3. HP: 28/28 MP: 3/3
  1260 | D:3      | Gained mutation: Spells you cast may paralyse adjacent
                  | enemies. [demonic ancestry]
  1260 | D:3      | Reached XP level 4. HP: 30/34 MP: 4/4
  1668 | D:4      | Noticed an ogre
  1737 | D:4      | Gained mutation: You have a tail ending in a sharp stinger.
                  | [demonic ancestry]
  1737 | D:4      | Reached XP level 5. HP: 39/39 MP: 5/5
  1761 | D:4      | Identified the +2 rapier "Cidu" {venom, Dex+6}
  1790 | D:4      | Found Meut's General Store.
  1862 | D:4      | Noticed Natasha
  1877 | D:4      | Killed an ogre
  1878 | D:4      | Reached skill level 4 in Long Blades
  1878 | D:4      | Reached skill level 1 in Shields
  1878 | D:4      | Gained mutation: Your touch may inflict irresistible damage
                  | on your foes. [demonic ancestry]
  1878 | D:4      | Reached XP level 6. HP: 34/47 MP: 6/6
  1886 | D:4      | Killed Natasha
  2107 | D:4      | Noticed Natasha
  2113 | D:4      | Killed Natasha
  2140 | D:4      | Noticed Natasha
  2148 | D:4      | Killed Natasha
  2280 | D:5      | Entered Level 5 of the Dungeon
  2287 | D:5      | Noticed an ice beast
  2289 | D:5      | Found a staircase to the Ecumenical Temple.
  2291 | D:5      | Killed an ice beast
  2304 | Temple   | Entered the Ecumenical Temple
  2466 | Temple   | Became a worshipper of Qazlal Stormbringer
  2490 | D:5      | Found a shimmering blue altar of Sif Muna.
  2572 | D:5      | Reached XP level 7. HP: 38/52 MP: 7/7
  2655 | D:5      | Noticed Menkaure
  2661 | D:5      | Killed Menkaure
  2885 | D:5      | HP: 2/52 [iguana (6)]
  2920 | D:5      | Reached skill level 5 in Long Blades
  2925 | D:5      | Gained mutation: Spells you cast may paralyse nearby
                  | enemies. [demonic ancestry]
  2925 | D:5      | Reached XP level 8. HP: 30/60 MP: 8/8
  3129 | D:5      | Found a blossoming altar of Fedhas.
  3151 | D:5      | Identified the +9 mace "Kyihun" {venom, +Blink rElec SInv}
  3198 | D:5      | Identified 2 scrolls of acquirement
  3198 | D:5      | Acquired the ring "Extyeryo" {rN+ Dex+4}
  3241 | D:4      | Acquired the +1 cloak "Debeck Lucag" {-Tele rPois Int+7
                  | Slay+3}
  3357 | D:6      | Reached skill level 1 in Invocations
  3525 | D:6      | Reached skill level 1 in Evocations
  3672 | D:6      | Found an iron altar of Okawaru.
  3802 | D:6      | Reached skill level 5 in Armour
  3919 | D:6      | Reached skill level 6 in Long Blades
  3973 | D:6      | Reached * piety under Qazlal
  3981 | D:6      | Noticed a troll
  3990 | D:6      | Killed a troll
  3991 | D:6      | Gained mutation: You have a pair of small antennae on your
                  | head. [demonic ancestry]
  3991 | D:6      | Reached XP level 9. HP: 36/66 MP: 10/10
  4176 | D:6      | Found a burning altar of Makhleb.
  4573 | D:7      | Noticed Joseph
  4581 | D:7      | Killed Joseph
  4645 | D:7      | Reached skill level 5 in Shields
  4677 | D:7      | Reached skill level 5 in Dodging
  4863 | D:7      | Reached skill level 5 in Fighting
  4864 | D:7      | Found a snail-covered altar of Cheibriados.
  4903 | D:7      | Found a transporter.
  4910 | D:7      | Noticed a moth of wrath
  4916 | D:7      | Found a transporter.
  4921 | D:7      | Found a bloodstained altar of Trog.
  4921 | D:7      | Noticed bande's ghost (novice GrFi)
  5168 | D:8      | Found an ornate altar of the Wu Jian Council.
  5203 | D:8      | Reached ** piety under Qazlal
  5276 | D:8      | Found a shadowy altar of Dithmenos.
  5682 | D:8      | Found an ancient bone altar of Kikubaaqudgha.
  5682 | D:8      | Found an opulent altar of Gozag.
  5808 | D:9      | Gained mutation: A weak demonic guardian rushes to your
                  | aid. [demonic ancestry]
  5808 | D:9      | Reached XP level 10. HP: 57/74 MP: 13/13
  5825 | D:9      | Reached skill level 7 in Long Blades
  6060 | D:9      | Killed from afar by an orc priest

Illustrated notes

Levels and vault maps discovered:
D:1:      minmay_arrival_doors, layout_rooms
D:2:      layout_basic, hellmonk_ecumenical_altar_watching_god
D:3:      layout_rooms
D:4:      layout_rooms, serial_shops, nicolae_diamond_shop, minmay_statues_item,
          uniq_natasha
D:5:      minmay_octagon_keep, layout_basic, lemuel_tele_altar,
          mainiacjoe_overflow_catwalk, minmay_temple_entry_crystal_x,
          uniq_menkaure
D:6:      layout_basic, mainiacjoe_overflow_small_starburst,
          makhleb_blood_cavern_becter
D:7:      layout_rooms, slow_altar_1, gammafunk_ghost_wrathful_warriors,
          uniq_joseph
D:8:      layout_gridville, yredelemnul_forgotten_temple_becter,
          nzn_wu_jian_contemplation, old_standard_altar,
          gammafunk_temple_overflow_wave, minmay_misc_feat_four_crosses
D:9:      layout_loops_ring, old_standard_altar, grunt_lair_entry_orc_guard_hut,
          zombieorc1_lemuel, uniq_gastronok
Temple:   hellmonk_temple_forest_ring

Skill      XL: |  1  2  3  4  5  6  7  8  9 10 |
---------------+-------------------------------+-----
Armour         | 1 2 3 4 5 6 |  6.3
Long Blades    | 3 4 5 6 7 |  7.1
Dodging        | 3 4 5 |  5.3
Fighting       | 3 4 5 |  5.3
Shields        | 1 2 3 4 5 |  5.8
Invocations    | 2 4 |  4.3
Evocations     | 1 3 |  3.2
Throwing       | |  1.7

Action                   |  1- 3 |  4- 6 |  7- 9 | 10-12 || total
-------------------------+-------+-------+-------+-------++-------
Melee: Long sword        |    64 |   142 |   234 |    52 ||   492
       Punch             |     2 |       |       |       ||     2
       Tailslap          |     5 |    16 |    37 |     7 ||    65
       Touch             |       |     4 |       |       ||     4
  Use: Scroll            |     4 |     7 |     9 |       ||    20
       Potion            |       |       |     4 |       ||     4
 Stab: Sleeping          |     1 |       |       |       ||     1
Armor: Leather armour    |    20 |    44 |    35 |       ||    99
       Scale mail        |       |       |    69 |       ||    69
       Chain mail        |       |       |     1 |    30 ||    31
Dodge: Dodged            |    51 |   136 |   250 |    33 ||   470
Block: Buckler           |       |    32 |   119 |    39 ||   190

Table legend: (Time is in decaauts)
 A = Elapsed time spent in this place.
 B = Non-inter-level travel time spent in this place.
 C = Inter-level travel time spent in this place.
 D = Time resting spent in this place.
 E = Time spent auto-exploring this place.
 F = Levels seen in this place.
 G = Mean time per level.
                   A        B        C        D        E       F      G
               +--------+--------+--------+--------+--------+-----+--------+
         Total |   6341 |   6089 |    252 |      3 |   4462 |  10 |  634.1 |
       Dungeon |   6159 |   5939 |    220 |      3 |   4323 |   9 |  684.3 |
        Temple |    181 |    149 |     32 |      0 |    139 |   1 |  181.0 |
               +--------+--------+--------+--------+--------+-----+--------+

Top non-repeatable levels by time:
     D:6: 1356 daAuts
     D:5: 827 daAuts
     D:2: 755 daAuts
     D:4: 712 daAuts
     D:8: 677 daAuts
     D:7: 560 daAuts
     D:1: 494 daAuts
     D:3: 437 daAuts
     D:9: 337 daAuts
  Temple: 181 daAuts
